 Dungeon Crawl Stone Soup version 0.25-a0-869-g05d4e06a41 (webtiles) character file.

Game seed: 4412672945715164310, levelgen mode: deterministic

715 tilp the Bolt Thrower (level 8, -3/48 HPs)
             Began as a Kobold Arcane Marksman on Apr 30, 2020.
             Was a Follower of Okawaru.
             Slain by a wight
             ... wielding a +5 trident
              (4 damage)
             ... on level 6 of the Dungeon.
             The game lasted 00:11:09 (6564 turns).

tilp the Bolt Thrower (Kobold Arcane Marksman)      Turns: 6564, Time: 00:11:09

Health: -3/48      AC:  7    Str:  9    XL:     8   Next: 1%
Magic:  11/11      EV: 13    Int: 14    God:    Okawaru [*.....]
Gold:   251        SH:  0    Dex: 16    Spells: 8/11 levels left

rFire    . . .     SeeInvis .   a - +1 hand crossbow
rCold    . . .     Gourm    .   (shield restricted)
rNeg     . . .     Faith    .   o - +1 leather armour
rPois    .         Spirit   .   u - +2 helmet
rElec    .         Reflect  .   (no cloak)
rCorr    .         Harm     .   (no gloves)
MR       .....                  (no boots)
Stlth    +.........             s - amulet of rage
HPRegen  0.16/turn              (no ring)
MPRegen  0.12/turn              (no ring)

@: heavily drained
A: small, carnivore
a: Heroism, Renounce Religion, Evoke Berserk Rage


You were on level 6 of the Dungeon.
You worshipped Okawaru.
Okawaru was aware of your devotion.
You were not hungry.

You visited 2 branches of the dungeon, and saw 7 of its levels.

You collected 251 gold pieces.

Inventory:

Hand Weapons
 a - a +1 hand crossbow (weapon)
 b - a +0 spear
 x - a cursed +0 hand axe
 B - a +2 dagger of flaming
Missiles
 d - 21 bolts (quivered)
 w - 23 poisoned darts
Armour
 o - a +1 leather armour (worn)
 u - a +2 helmet (worn)
Jewellery
 s - an amulet of rage (around neck)
 A - an uncursed ring of ice {unknown}
Scrolls
 i - 7 scrolls of teleportation
 p - 4 scrolls of enchant armour
 v - a scroll of random uselessness {unknown}
Potions
 e - 3 potions of mutation
 f - a potion of ambrosia
 h - a potion of heal wounds
 j - a potion of flight
 r - 4 potions of curing
 z - a potion of might {unknown}
 C - a potion of lignification {unknown}
 D - a potion of magic {unknown}
Comestibles
 c - 6 rations


   Skills:
 - Level 4.0(2.4) Fighting
 - Level 6.0(4.2) Crossbows
 - Level 2.4(0.8) Dodging
 - Level 2.0(0.4) Spellcasting
 - Level 6.0(4.2) Hexes
 + Level 1.3(0.0) Invocations


You had 8 spell levels left.
You knew the following spells:

 Your Spells              Type           Power        Failure   Level  Hunger
a - Corona                Hex            ##.....      7%          1    ##.....
b - Slow                  Hex            ##......     11%         2    ###....

Your spell library contained the following spells:

 Spells                   Type           Power        Failure   Level  Hunger
 Inner Flame              Hex/Fire       #.......     43%         3    ####...
 Portal Projectile        Hex/Tloc       #.....       43%         3    ####...
 Cause Fear               Hex            ##........   56%         4    #####..
 Leda's Liquefaction      Hex/Erth       #.........   85%         4    #####..
 Summon Forest            Summ/Tloc      #.........   100%        5    ######.
 Simulacrum               Ice/Necr       #.........   100%        6    #######
 Dragon's Call            Summ           #.........   100%        9    #######


Dungeon Overview and Level Annotations

Branches:
Dungeon (6/15)             Temple (1/1) D:5

Altars:
Ashenzari
Cheibriados
Dithmenos
Fedhas
Gozag
Hepliaklqana
Kikubaaqudgha
Nemelex Xobeh
Okawaru
Qazlal
Ru
Sif Muna
Trog
Uskayaw
Vehumet
Wu Jian
Xom
Zin
The Shining One

Annotations:
D:5 3 runed translucent doors, exclusion: hippogriff, tilp's ghost, novice KoAM


Innate Abilities, Weirdness & Mutations

You are small and have problems with some larger weapons.
You are carnivorous and can eat meat at any time.


Message History

Aim: a wight, wielding a +5 trident and wearing a +0 robe (severely damaged)
You shoot a bolt. The bolt closely misses the wight.
The wight closely misses you.
Firing (i - inventory. (/) - cycle)
d - 23 bolts (quivered)
Press: ? - help, Shift-Dir - straight line, f/p - wight
Aim: a wight, wielding a +5 trident and wearing a +0 robe (severely damaged)
You shoot a bolt.
The bolt hits the wight but does no damage.
The wight is severely damaged.
The wight hits you with a +5 trident!
* * * LOW HITPOINT WARNING * * *
Firing (i - inventory. (/) - cycle)
d - 22 bolts (quivered)
Press: ? - help, Shift-Dir - straight line, f/p - wight
Aim: a wight, wielding a +5 trident and wearing a +0 robe (severely damaged)
You shoot a bolt. The bolt hits the wight.
The wight is almost destroyed.
The wight hits you with a +5 trident!
* * * LOW HITPOINT WARNING * * *
You feel drained.
You die...

##* **# *
#.#######.##*********
###...........,,*,,,,,,
#....#@.......,,*,*****
*,#..z........,,,,,,,,*
***,##(#######..,,,,***,*
*,,,,#.# *,,,,,,,,,,*
*,***#.##########********
*,* #.##........,***,,,*
*,* #>..........,,,,,,,,
*,* #.##z#<####*,,,,,,,*
*,* #.##.#.#####****,,,*


You could see a wight.

Vanquished Creatures
  2 ogres
  2 scorpions (D:5)
  2 wights
  A crimson imp (D:5)
  A hound (D:4)
  A jelly (D:5)
  A bullfrog skeleton (D:5)
  An iguana (D:5)
  A worker ant (D:4)
  A hound skeleton (D:5)
  8 adders
  4 oozes
  An adder zombie (D:5)
  A worm (D:2)
  4 dart slugs
  3 leopard geckos
  4 orcs
  3 giant cockroaches
  5 goblins
  15 hobgoblins
  5 kobolds
  2 quokkas
  2 ball pythons (D:1)
  9 bats
  4 frilled lizards
  A jackal skeleton (D:4)
  7 rats
91 creatures vanquished.

Notes
Turn   | Place    | Note
-------+----------+-------------------------------------------
     0 | D:1      | tilp the Kobold Arcane Marksman began the quest for the
                  | Orb.
     0 | D:1      | Reached XP level 1. HP: 12/12 MP: 2/2
   163 | D:1      | Reached XP level 2. HP: 16/16 MP: 1/3
   231 | D:1      | Learned a level 2 spell: Slow
   584 | D:1      | Reached XP level 3. HP: 20/20 MP: 2/4
  1587 | D:2      | Reached XP level 4. HP: 25/25 MP: 5/5
  1615 | D:2      | Reached skill level 5 in Crossbows
  2617 | D:3      | Reached XP level 5. HP: 26/29 MP: 6/6
  3509 | D:4      | Noticed an ogre
  3520 | D:4      | Killed an ogre
  3520 | D:4      | Reached XP level 6. HP: 21/38 MP: 7/7
  3692 | D:4      | Found a hazy altar of Hepliaklqana.
  3695 | D:4      | Identified the Tome of the Congealing Entourage
  4368 | D:5      | Entered Level 5 of the Dungeon
  4368 | D:5      | Found a runed translucent gate.
  4368 | D:5      | Found a runed translucent gate.
  4368 | D:5      | Found a runed translucent gate.
  4368 | D:5      | Noticed tilp's ghost (novice KoAM)
  4394 | D:5      | Found a staircase to the Ecumenical Temple.
  4421 | Temple   | Entered the Ecumenical Temple
  4780 | Temple   | Became a worshipper of Warmaster Okawaru
  4883 | D:5      | Noticed a phantom
  5148 | D:5      | Reached XP level 7. HP: 20/43 MP: 8/10
  5857 | D:5      | Reached skill level 5 in Hexes
  6014 | D:5      | Noticed a hippogriff
  6020 | D:5      | Reached * piety under Okawaru
  6480 | D:6      | HP: 2/43 [wight/cursed +3 dire flail (12)]
  6531 | D:5      | Reached skill level 1 in Invocations
  6531 | D:5      | Reached XP level 8. HP: 32/48 MP: 8/11
  6564 | D:6      | HP: 1/48 [wight/+5 trident (13)]
  6564 | D:6      | Slain by a wight

Levels and vault maps discovered:
D:1:      sevenhm_arrival_forest_fort_small_4, layout_basic, minmay_cupped
D:2:      layout_loops_ring, first_ration, minmay_misc_feat_ornament,
          grunt_ministairs_9
D:3:      layout_basic, grunt_ministairs_11
D:4:      layout_rooms, lemuel_round_altar
D:5:      layout_loops_cross, minmay_temple_entry_antechambers,
          ebering_ghost_rock_garden
D:6:      layout_basic, chequers_temple_overflow_statue_of_worship,
          gammafunk_ghost_smash, nicolae_ossuary_entry_giza,
          evilmike_ruin_ashenzari, uniq_blork_the_orc
Temple:   hc_temple_tempest_star

Skill      XL: |  1  2  3  4  5  6  7 |
---------------+----------------------+-----
Crossbows      | 3 4 5 6 |  6.0
Fighting       | 3 4 |  4.0
Spellcasting   | 2 |  2.0
Hexes          | 4 6 |  6.0
Invocations    | 1 |  1.3
Dodging        | |  2.4

Action                   |  1- 3 |  4- 6 |  7- 9 || total
-------------------------+-------+-------+-------++-------
Melee: Spear             |    49 |   121 |    39 ||   209
 Fire: Hand crossbow     |    41 |    98 |    47 ||   186
 Cast: Corona            |    29 |    17 |     2 ||    48
       Slow              |       |       |     6 ||     6
  Use: Scroll            |     4 |     5 |     6 ||    15
       Potion            |       |       |     3 ||     3
 Stab: Sleeping          |     2 |     1 |       ||     3
  Eat: Chunk             |    11 |    10 |     2 ||    23
Armor: Robe              |     4 |       |       ||     4
       Leather armour    |    14 |    34 |    21 ||    69
Dodge: Dodged            |    49 |   122 |    49 ||   220

Table legend:
 A = Non-vault XP
 B = Vault XP
 C = Vault XP percentage of total XP
 D = Non-vault monster count
 E = Vault monster count
 F = Vault count percentage of total count
                 A         B        C        D         E       F
            +---------+---------+-------+---------+---------+-------
      Total |    1012 |      10 |   1.0 |      86 |       5 |   5.5
            +---------+---------+-------+---------+---------+-------
        D:1 |      48 |       5 |   9.4 |      22 |       2 |   8.3
        D:2 |      75 |       4 |   5.1 |      23 |       2 |   8.0
        D:3 |      60 |       1 |   1.6 |      16 |       1 |   5.9
        D:4 |     253 |       0 |   0.0 |      11 |       0 |   0.0
        D:5 |     520 |       0 |   0.0 |      13 |       0 |   0.0
        D:6 |      56 |       0 |   0.0 |       1 |       0 |   0.0
            +---------+---------+-------+---------+---------+-------
